 Dungeon Crawl Stone Soup version 0.31-a0-705-ga145531891 (webtiles) character file.

Game seed: 18312189851154735655

4430 Ekaitz the Zephyrmancer (level 10, -2/88 HPs)
             Began as a Tengu Air Elementalist on Sept 9, 2023.
             Was a Priest of Vehumet.
             Slain by a troll (10 damage)
             ... on level 9 of the Dungeon.
             The game lasted 00:17:38 (9285 turns).

Ekaitz the Zephyrmancer (Tengu Air Elementalist)    Turns: 9285, Time: 00:17:39

Health: -2/88      AC: 25    Str: 15    XL:     10   Next: 36%
Magic:  5/18       EV:  2    Int: 18    God:    Vehumet [***...]
Gold:   623        SH:  0    Dex: 16    Spells: 8/19 levels left

rFire   . . .        I - +2 war axe (freeze)
rCold   . . .        (no shield)
rNeg    . . .        a - melded +0 robe
rPois   +            (helmet currently unavailable)
rElec   .            v - melded +1 cloak
rCorr   .            (gloves currently unavailable)
SInv    +            (boots unavailable)
Will    .....        n - amulet of regeneration
Stlth   ++           u - +6 ring of strength
HPRegen 1.14/turn    H - ring of see invisible
MPRegen 0.16/turn

%: acrobat
@: tree-form, weakened
A: stationary, stasis, torment immunity, boosted hp, (beak), (talons 3), evasive
flight, acrobatic
a: Renounce Religion


You were on level 9 of the Dungeon.
You worshipped Vehumet.
Vehumet was most pleased with you.
You were a tree.
You visited 2 branches of the dungeon, and saw 10 of its levels.

You collected 623 gold pieces.

Inventory:

Hand Weapons
 r - a +1 halberd of protection
 C - a +6 dagger
 E - a +1 dagger of flaming
 I - a +2 war axe of freezing (weapon)
Missiles
 s - a throwing net
 B - 15 poisoned darts
Armour
 a - a +0 robe (melded)
 v - a +1 cloak (melded)
Magical Staves
 k - a staff of cold
 p - a staff of earth
Jewellery
 n - an amulet of regeneration (around neck)
 o - an amulet of reflection
 u - a +6 ring of strength (left branch)
 H - a ring of see invisible (right branch)
Talismans
 y - a flux talisman
Wands
 m - a wand of polymorph (15)
 G - a wand of charming (22)
Scrolls
 d - 3 scrolls of teleportation {unknown}
 g - a scroll of fog {unknown}
 h - 6 scrolls of identify {unknown}
 i - a scroll of vulnerability {unknown}
 q - a scroll of amnesia {unknown}
 x - a scroll of noise {unknown}
 z - 2 scrolls of poison {unknown}
 D - a scroll of blinking {unknown}
Potions
 b - a potion of magic
 c - 2 potions of haste {unknown}
 e - a potion of degeneration {unknown}
 f - 4 potions of lignification
 j - a potion of heal wounds {unknown}
 l - 4 potions of brilliance {unknown}
 t - a potion of invisibility {unknown}
 w - a potion of cancellation {unknown}
 A - a potion of ambrosia {unknown}
 F - 3 potions of curing {unknown}
 J - a potion of might {unknown}


   Skills:
 * Level 5.3 Fighting
 + Level 0.5 Polearms
 * Level 5.7 Dodging
 + Level 2.7 Stealth
 + Level 0.2 Unarmed Combat
 + Level 5.1 Spellcasting
 * Level 9.0 Conjurations
 * Level 3.7 Fire Magic
 * Level 10.2 Air Magic
 * Level 4.5 Evocations


You had 8 spell levels left.
You knew the following spells:

 Your Spells              Type           Power      Damage    Failure   Level
a - Shock                 Conj/Air       100%       1d9       1%          1
b - Static Discharge      Conj/Air       78%        2-6/arc   1%          2
c - Swiftness             Air            41%        N/A       1%          3
d - Airstrike             Air            20%        2d(3-19)  1%          4
x - Foxfire               Conj/Fire      100%       2x1d9     1%          1

Your spell library contained the following spells:

 Spells                   Type           Power      Damage    Failure   Level
 Mephitic Cloud           Conj/Pois/Air  27%        N/A       1%          3
 Scorch                   Fire           36%        2d6       1%          2
 Hailstorm                Conj/Ice       20%        3d6       1%          3
 Flame Wave               Conj/Fire      27%        2d9       2%          4
 Sticky Flame             Conj/Fire      27%        2d5       2%          4
 Freeze                   Ice            16%        1d4       3%          1
 Ignite Poison            Fire/Tmut/Pois 9%         N/A       7%          3
 Frozen Ramparts          Ice            8%         1d2       11%         3
 Summon Small Mammal      Summ           16%        N/A       13%         1
 Ensorcelled Hibernation  Hex/Ice        8%         N/A       21%         2
 Passwall                 Tmut/Erth      3%         N/A       21%         2
 Call Canine Familiar     Summ           4%         N/A       36%         3
 Ozocubu's Armour         Ice            4%         N/A       36%         3
 Tukima's Dance           Hex            4%         N/A       36%         3
 Yara's Violent Unravell  Hex/Tmut       2%         3d3       63%         5
 Manifold Assault         Tloc           4%         N/A       78%         4
 Passage of Golubria      Tloc           4%         N/A       78%         4
 Borgnjor's Vile Clutch   Necr/Erth      2%         N/A       98%         5
 Metabolic Englaciation   Hex/Ice        2%         N/A       98%         5
 Dispersal                Tloc           2%         N/A       100%        6
 Simulacrum               Ice/Necr       2%         N/A       100%        6
 Summon Cactus Giant      Summ           2%         N/A       100%        6
 Disjunction              Tloc           2%         N/A       100%        8
 Ignition                 Fire           9%         3d5       100%        8
 Shatter                  Erth           2%         3d6*      100%        9


Dungeon Overview and Level Annotations

Branches:
Dungeon (9/15)             Temple (1/1) D:4
   Lair: D:8-11         Orc: D:9-12

Altars:
Cheibriados
Dithmenos
Elyvilon
Fedhas
Gozag
Kikubaaqudgha
Makhleb
Nemelex Xobeh
Okawaru
Qazlal
Ru
Uskayaw
Vehumet
Wu Jian
Xom
Zin
The Shining One

Annotations:
D:8 1 runed translucent door


Innate Abilities, Weirdness & Mutations

You are a tree.
Your roots penetrate the ground, keeping you stationary.
You cannot be teleported.
You are immune to unholy pain and torment.
Your maximum health is greatly increased.
Your equipment is partially melded.
((You have a beak for a mouth.))
((You have claws for feet.))
Your magical flight helps you evade attacks. (EV +4)
You can magically evade attacks while moving or waiting.


Message History

You feel less confused.
The gnoll bouda hits you but does no damage.
The vampire draws life force from you!
The vampire is healed by the life force!
The troll bites you but does no damage. The troll claws you but does no damage.
The troll barely misses you.
The gnoll bouda hits you but does no damage.
The vampire hits you!
* * * LOW HITPOINT WARNING * * *
The vampire completely misses you.
Unknown command.
Casting: Static Discharge (safe; 1% risk of failure)
Confirm with . or Enter, or press ? or * to list all spells.
The gnoll bouda is struck by an arc of lightning.
The gnoll bouda is moderately wounded.
The vampire is struck by an arc of lightning.
The vampire is severely damaged.
The gnoll bouda is struck by an arc of lightning.
The gnoll bouda is severely wounded.
The lightning grounds out.
The troll bites you!
* * * LOW HITPOINT WARNING * * *
The troll claws you but does no damage. x2
The gnoll bouda mumbles some strange prayers to its god.
The gnoll bouda is healed somewhat.
The vampire draws life force from you.
* * * LOW HITPOINT WARNING * * *
The vampire is healed by the life force!
Unknown command.
Okay, then.
Casting: Static Discharge (safe; 1% risk of failure)
Confirm with . or Enter, or press ? or * to list all spells.
The gnoll bouda is struck by an arc of lightning.
The gnoll bouda is heavily wounded.
You are struck by an arc of lightning.
* * * LOW HITPOINT WARNING * * *
The vampire is struck by an arc of lightning.
The vampire is severely damaged.
The troll is struck by an arc of lightning!
The troll is moderately wounded.
The lightning grounds out.
The troll bites you!
You die...

#........
######........
#...........#
#.........).#
#...........#
#...........#
##'###.........g.#
...............V♣#
......######.))T.#
.v.§. #.....# ..§.
#.....# .g)
#.....# .g #.....#
. #.....# ##.....
#.....


You could see a troll, a vampire (invisible) and a gnoll bouda.

Vanquished Creatures
  Maurice (D:8)
  A wyvern (D:8)
  A steam dragon (D:7)
  A vampire mosquito (D:8)
  An acid dragon (D:8)
  2 water moccasins
  2 ice beasts (D:5)
  4 sky beasts
  3 centaurs
  3 ogres
  A phantom (D:7)
  2 kobold brigands
  2 bullfrogs (D:7)
  10 scorpions
  3 wights (D:6)
  7 killer bees
  2 howler monkeys
  A gnoll bouda (D:6)
  4 orc priests
  3 hounds
  A jelly (D:3)
  3 sleepcaps
  5 iguanas
  3 orc wizards
  18 gnolls
  6 adders
  3 ufetubi
  3 worms
  2 dart slugs
  14 orcs
  4 ball pythons
  4 bats
  12 endoplasms
  11 giant cockroaches
  5 goblins
  4 hobgoblins
  12 jackals
  17 kobolds
  9 quokkas
  6 frilled lizards
  7 rats
203 creatures vanquished.

Vanquished Creatures (others)
  149 foxfires
149 creatures vanquished.

Grand Total: 352 creatures vanquished

Notes
Turn   | Place    | Note
-------+----------+-------------------------------------------
     0 | D:1      | Ekaitz the Tengu Air Elementalist began the quest for the
                  | Orb.
     0 | D:1      | Reached XP level 1. HP: 10/10 MP: 4/4
   164 | D:1      | Reached XP level 2. HP: 12/15 MP: 0/6
   194 | D:1      | Learned a level 2 spell: Static Discharge
   368 | D:1      | Reached skill level 5 in Air Magic
   446 | D:1      | Reached XP level 3. HP: 19/19 MP: 0/7
   802 | D:1      | Learned a level 3 spell: Swiftness
  1571 | D:2      | Found a radiant altar of Vehumet.
  1579 | D:2      | Became a worshipper of Vehumet
  1862 | D:2      | Reached skill level 1 in Fighting
  1862 | D:2      | Reached XP level 4. HP: 25/25 MP: 6/8
  2285 | D:2      | Found a faded altar of an unknown god.
  2582 | D:3      | Found a burning altar of Makhleb.
  2768 | D:3      | Reached XP level 5. HP: 29/29 MP: 0/9
  3134 | D:3      | Reached skill level 6 in Air Magic
  3501 | D:3      | Found a sparkling altar of Nemelex Xobeh.
  3502 | D:3      | Found an opulent altar of Gozag.
  3546 | D:4      | Reached * piety under Vehumet
  3546 | D:4      | Offered knowledge of Kiss of Death by Vehumet.
  3584 | D:4      | Reached skill level 1 in Evocations
  3584 | D:4      | Reached XP level 6. HP: 35/35 MP: 6/10
  3959 | D:4      | Found a staircase to the Ecumenical Temple.
  3971 | Temple   | Entered the Ecumenical Temple
  4510 | D:4      | Learned a level 4 spell: Airstrike
  4626 | D:4      | Found a hide-covered altar of Uskayaw.
  4626 | D:4      | Found a radiant altar of Vehumet.
  4803 | D:5      | Entered Level 5 of the Dungeon
  4821 | D:5      | Gained mutation: Your magical flight helps you evade
                  | attacks. (EV +4) [Tengu growth]
  4821 | D:5      | Reached XP level 7. HP: 40/40 MP: 10/12
  5047 | D:5      | Reached skill level 7 in Air Magic
  5255 | D:5      | Reached skill level 5 in Conjurations
  5469 | D:5      | Reached XP level 8. HP: 45/45 MP: 7/14
  6009 | D:6      | Found a blossoming altar of Fedhas.
  6280 | D:6      | Reached ** piety under Vehumet
  6334 | D:6      | Offered knowledge of Foxfire by Vehumet.
  6335 | D:6      | Reached skill level 8 in Air Magic
  6337 | D:6      | Learned a level 1 spell: Foxfire
  6533 | D:6      | Reached skill level 1 in Fire Magic
  6909 | D:7      | Reached XP level 9. HP: 52/52 MP: 10/15
  7006 | D:7      | Offered knowledge of Searing Ray by Vehumet.
  7666 | D:7      | Reached skill level 9 in Air Magic
  7850 | D:7      | Reached *** piety under Vehumet
  7851 | D:7      | Reached skill level 5 in Dodging
  7856 | D:7      | Got the Vellum of the Telluric Mob
  8319 | D:8      | Reached XP level 10. HP: 36/58 MP: 8/18
  8523 | D:8      | Found a runed translucent door.
  8525 | D:8      | Found a runed translucent door.
  8546 | D:8      | Identified the +0 ring mail of Evolution {-Cast Will+
                  | Str+2}
  8551 | D:8      | Offered knowledge of Mephitic Cloud by Vehumet.
  8558 | D:8      | Reached skill level 5 in Fighting
  8712 | D:8      | Reached skill level 10 in Air Magic
  8797 | D:8      | Noticed Maurice
  8819 | D:8      | Killed Maurice
  8820 | D:8      | Reached skill level 5 in Spellcasting
  9285 | D:9      | Slain by a troll

Illustrated notes

Levels and vault maps discovered:
D:1:      dpeg_cavernosity, layout_basic
D:2:      layout_loops_ring, basic_altar,
          shapermc_ecumenical_altar_mp_urbaneastern
D:3:      layout_loops_ring, lightli_temple_of_fire,
          grunt_temple_overflow_opulence
D:4:      layout_basic, jmf_multi_god_temple, minmay_temple_entry_offerings
D:5:      layout_loops_cross
D:6:      layout_gridville, mainiacjoe_overflow_catwalk
D:7:      layout_cave_pods, kennysheep_generic_room_15
D:8:      lemuel_insect_pit, layout_loops_ring, kennysheep_decorative_pillar,
          uniq_maurice
D:9:      layout_gridville, fungi_pond_lemuel
Temple:   bh_familiar_temple

Skill      XL: |  1  2  3  4  5  6  7  8  9 10 |
---------------+-------------------------------+-----
Air Magic      | 5 6 7 8 9 10 | 10.2
Fighting       | 1 2 4 5 |  5.3
Conjurations   | 2 3 4 5 6 8 9 |  9.0
Evocations     | 1 2 3 4 |  4.5
Dodging        | 3 4 5 |  5.7
Spellcasting   | 3 4 5 |  5.1
Fire Magic     | 2 3 |  3.7
Polearms       | |  0.5
Stealth        | |  2.7
Unarmed Combat | |  0.2

Action                     |  1- 3 |  4- 6 |  7- 9 | 10-12 || total
---------------------------+-------+-------+-------+-------++-------
  Melee: Unarmed           |    28 |       |       |       ||    28
         Kick              |     7 |     1 |     3 |     1 ||    12
         Peck              |     3 |     1 |     3 |       ||     7
         Punch             |     1 |       |       |       ||     1
         Staff             |       |     3 |       |       ||     3
         Halberd           |       |       |    10 |       ||    10
         War axe           |       |       |       |     4 ||     4
   Cast: Shock             |    85 |   141 |   148 |    20 ||   394
         Static Discharge  |       |     2 |    17 |    15 ||    34
         Airstrike         |       |       |     8 |     5 ||    13
         Foxfire           |       |       |    64 |    21 ||    85
    Use: Potion            |       |       |       |     1 ||     1
   Stab: Sleeping          |       |       |     1 |       ||     1
 Armour: Robe              |    23 |    10 |    41 |     7 ||    81
         Skin              |       |       |       |    24 ||    24
  Dodge: Dodged            |    51 |    25 |   102 |    33 ||   211

Table legend: (Time is in decaauts)
 A = Elapsed time spent in this place.
 B = Non-inter-level travel time spent in this place.
 C = Inter-level travel time spent in this place.
 D = Time resting spent in this place.
 E = Time spent auto-exploring this place.
 F = Levels seen in this place.
 G = Mean time per level.
                   A        B        C        D        E       F      G
               +--------+--------+--------+--------+--------+-----+--------+
         Total |   9290 |   9006 |    284 |     68 |   7692 |  10 |  929.0 |
       Dungeon |   9288 |   9004 |    284 |     68 |   7692 |   9 | 1032.0 |
        Temple |      1 |      1 |      0 |      0 |      0 |   1 |    1.0 |
               +--------+--------+--------+--------+--------+-----+--------+

Top non-repeatable levels by time:
     D:1: 1445 daAuts
     D:4: 1257 daAuts
     D:7: 1224 daAuts
     D:8: 1143 daAuts
     D:3: 1098 daAuts
     D:5: 1042 daAuts
     D:6: 1010 daAuts
     D:2: 1000 daAuts
     D:9: 65 daAuts
  Temple: 1 daAuts
